 Dungeon Sprint DCSS version 0.28-a0-1415-g7c84da036a (webtiles) character file.

Game seed: 16228929574851642902

502 jt the Blocker (level 7, -2/49 HPs)
             Began as a Gargoyle Fighter on Jan 7, 2022.
             Was an Initiate of Gozag.
             Slain by an ice devil (23 damage)
             ... summoned by a kobold demonologist
             ... in the Dungeon (Sprint III: "The Ten Rune Challenge").
             The game lasted 00:01:26 (453 turns).

jt the Blocker (Gargoyle Fighter)                    Turns: 453, Time: 00:01:26

Health: -2/49      AC: 13    Str: 21    XL:     7   Next: 17%
Magic:  7/7        EV:  9    Int:  9    God:    Gozag
Gold:   31         SH:  5    Dex:  9    Spells: 6/6 levels left

rFire   . . .      SeeInvis .   a - +0 war axe
rCold   . . .      Faith    .   c - +0 buckler
rNeg    + . .      Spirit   .   b - +0 scale mail
rPois   ∞          Reflect  .   (no helmet)
rElec   +          Harm     .   (no cloak)
rCorr   .          Rampage  .   (no gloves)
Will    .....      NoTele   +   (no boots)
Stlth   ..........              (no amulet)
HPRegen 0.16/turn               (no ring)
MPRegen 0.10/turn               (no ring)

@: no status effects
A: sickness immunity, AC +4, negative energy resistance 1, electricity
resistance, torment resistance 1, petrification resistance
a: Renounce Religion, Potion Petition, Call Merchant, Bribe Branch


You were in the Dungeon.
You worshipped Gozag.
Gozag was noncommittal.
You visited 1 branch You collected 31 gold pieces.

Inventory:

Hand Weapons
 a - a +0 war axe (weapon)
Missiles
 l - 22 arrows
Armour
 b - a +0 scale mail (worn)
 c - a +0 buckler (worn)
Scrolls
 j - a scroll of blinking
 k - a scroll of magic mapping {unknown}
 m - 2 scrolls of torment {unknown}
 n - a scroll of enchant weapon {unknown}
 p - 2 scrolls of identify {unknown}
Potions
 e - a potion of curing
 g - a potion of haste
 h - 2 potions of magic
 i - 3 potions of mutation {unknown}
 o - 3 potions of flight {unknown}
Miscellaneous
 d - a tin of tremorstones (1/2)


   Skills:
 + Level 8.3 Fighting
 + Level 8.2 Axes
 + Level 8.4 Armour
 + Level 8.4 Shields
 + Level 0.0 Evocations


You had 6 spell levels left.
You didn't know any spells.
Your spell library was empty.

Dungeon Overview and Level Annotations

Branches:
Dungeon (1/1)

Altars:
Cheibriados
Dithmenos
Fedhas
Gozag
Hepliaklqana
Kikubaaqudgha
Makhleb
Nemelex Xobeh
Qazlal
Ru
Sif Muna
Vehumet
Xom
Yredelemnul
Jiyva
Lugonu


Innate Abilities, Weirdness & Mutations

You are immune to sickness and miasma.
Your stone body is resilient. (AC +4)
You are immune to poison.
You resist negative energy. (rN+)
You are resistant to electric shocks. (rElec)
You are resistant to unholy torment.
You are immune to petrification.


Message History

Your Shields skill increases to level 8!
You have reached level 7!
There are no items here.
There is a sparkling altar of Nemelex Xobeh here.
You see here a tin of tremorstones (2/2).
d - a tin of tremorstones (2/2)
There is an opulent altar of Gozag here.
You start resting.
You feel a little less mighty now.
You start resting.
HP restored.
You kneel at the altar of Gozag.
Gozag welcomes you!
Gozag waives the service fee.
There is a hazy altar of Hepliaklqana here.
There is a snail-covered altar of Cheibriados here.
There is an open door here.
You close the door.
There is an open door here.
There is a fountain of clear blue water here.
You open the door.
Found a radiant altar of Vehumet.
A kobold demonologist and a wizard come into view.
Found a Trismegistus Codex and 10 gold pieces.
Found two altars.
The kobold demonologist shouts!
The wizard points at you and mumbles some strange words.
You resist with some effort.
The kobold demonologist gestures wildly while chanting.
There is an open door here.
You barely miss the wizard. The wizard hits you but does no damage.
You slash the wizard!
The wizard is almost dead.
You hit the ice devil but do no damage. The ice devil hits you.
The ice devil freezes you! The wizard hits you but does no damage.
Unknown command.
The tremorstone explodes into fragments!
The ice devil hits you! The ice devil freezes you!!
You die...
Your body crumbles into a pile of gold.

.#......#####..# #__#$$ $
##.......#..#..# #._#$
.##.##...#..#..###+#+###)##
$
.##.###..##'#..#..........#
####.##†.###...'.⌠........#$
$
##..##..####...#...######'#
$$
....##..###....#.⌠.#__#...#
#..##...##.....#...#__#...#
†.##....#......#@###__#...#
.###..##†#.....#4p$#__#...+
.# #..#####....#K__#__+...#
▓▓ ▓▓▓▓ ▓▓▓▓▓▓▓▓▓▓▓▓▓▓▓▓▓ $


You could see an ice devil (summoned), a wizard and a kobold demonologist.

Vanquished Creatures
  A shadow (D)
  A spatial vortex (D)
  A necrophage (D)
  A water elemental (D)
  A jelly (D)
  A necromancer (D)
  A human (D)
  A phantom (D)
  An endoplasm (D)
  3 rats (D)
12 creatures vanquished.

Notes
Turn   | Place    | Note
-------+----------+-------------------------------------------
     0 | D        | jt the Gargoyle Fighter began the quest for the Orb.
     0 | D        | Reached XP level 1. HP: 14/14 MP: 1/1
   180 | D        | Reached XP level 2. HP: 19/19 MP: 2/2
   184 | D        | Reached skill level 5 in Axes
   184 | D        | Reached XP level 3. HP: 22/23 MP: 3/3
   285 | D        | Noticed a water elemental
   290 | D        | Killed a water elemental
   291 | D        | Reached XP level 4. HP: 30/30 MP: 4/4
   300 | D        | Found a basalt altar of Yredelemnul.
   300 | D        | Found a shadowy altar of Dithmenos.
   300 | D        | Found a sacrificial altar of Ru.
   300 | D        | Noticed a necrophage
   306 | D        | Killed a necrophage
   307 | D        | Reached XP level 5. HP: 22/36 MP: 5/5
   318 | D        | Noticed a shadow
   323 | D        | Killed a shadow
   324 | D        | Reached XP level 6. HP: 28/44 MP: 6/6
   329 | D        | Found a blossoming altar of Fedhas.
   329 | D        | Found a stormy altar of Qazlal.
   330 | D        | Found a snail-covered altar of Cheibriados.
   330 | D        | Found a burning altar of Makhleb.
   330 | D        | Found a hazy altar of Hepliaklqana.
   330 | D        | Found a shimmering altar of Xom.
   330 | D        | Found an opulent altar of Gozag.
   330 | D        | Found a sparkling altar of Nemelex Xobeh.
   330 | D        | Found a corrupted altar of Lugonu.
   330 | D        | Found a viscous altar of Jiyva.
   330 | D        | Noticed a spatial vortex
   338 | D        | Killed a spatial vortex
   339 | D        | Reached XP level 7. HP: 34/49 MP: 7/7
   430 | D        | Became a worshipper of Gozag Ym Sagoz the Greedy
   449 | D        | Found a radiant altar of Vehumet.
   450 | D        | Found a shimmering blue altar of Sif Muna.
   450 | D        | Found an ancient bone altar of Kikubaaqudgha.
   451 | D        | Noticed an ice devil
   453 | D        | Slain by an ice devil

Illustrated notes

Levels and vault maps discovered:
D:        dungeon_sprint_mu [sprint_mu_entry_cave, sprint_mu_temple_rooms,
          sprint_mu_d1_horrors, sprint_mu_d2_genie, sprint_mu_d3_branching,
          sprint_mu_orc_legion, sprint_mu_elf_gauntlet, sprint_mu_hive_nellie,
          sprint_mu_lair_fedhas, sprint_mu_vaults_butterflies,
          sprint_mu_slime_circle, sprint_mu_shoals_kraken,
          sprint_mu_snake_twists, sprint_mu_blade_basic,
          sprint_mu_crypt_fortress, sprint_mu_tomb_spiral,
          sprint_mu_vestibule_basic, sprint_mu_gehenna_hellfire,
          sprint_mu_dis_giant, sprint_mu_tartarus_statrot,
          sprint_mu_cocytus_islands, sprint_mu_zot1]

Skill      XL: |  1  2  3  4  5  6 |
---------------+-------------------+-----
Axes           | 4 5 6 7 8 |  8.2
Fighting       | 4 6 7 8 |  8.3
Armour         | 4 6 7 8 |  8.4
Shields        | 4 6 7 8 |  8.4

Action                   |  1- 3 |  4- 6 |  7- 9 || total
-------------------------+-------+-------+-------++-------
Melee: War axe           |    29 |    19 |     2 ||    50
Evoke: Tin of tremorston |       |       |     1 ||     1
  Use: Potion            |     2 |     1 |       ||     3
Armor: Scale mail        |    11 |     3 |     2 ||    16
Dodge: Dodged            |    11 |     6 |       ||    17
Block: Buckler           |     3 |     4 |       ||     7

Table legend: (Time is in decaauts)
 A = Elapsed time spent in this place.
 B = Non-inter-level travel time spent in this place.
 C = Inter-level travel time spent in this place.
 D = Time resting spent in this place.
 E = Time spent auto-exploring this place.
 F = Levels seen in this place.
 G = Mean time per level.
                   A        B        C        D        E       F      G
               +--------+--------+--------+--------+--------+-----+--------+
         Total |    476 |    476 |      0 |    261 |     37 |   1 |  476.0 |
       Dungeon |    476 |    476 |      0 |    261 |     37 |   1 |  476.0 |
               +--------+--------+--------+--------+--------+-----+--------+

Top non-repeatable levels by time:
       D: 476 daAuts
